Map: Ascension to Aiur LE

Players

Harstem - Winner!

  • Race: Protoss Protoss
  • Spawn Location: 11:00

JonSnow

  • Race: Zerg Zerg
  • Spawn Location: 5:00

Event: WCS Montreal 2017

VOD

Have the link to the VOD?

Description

Time

  • Played on: Sept. 8, 2017, 4:35 p.m.
  • Length: 10:38

All games in this series

Show
View Real Time Build Order
Export as new Build Order

Harstem Protoss - Winner!

Build Orders: Nexus First, Oracle Opening, Archon Immortal, Zealot Archon, Archon Drop 

Get SALT Encoding   

  12  0:01  Probe (Chrono Boost)  
  13  0:12  Probe (Chrono Boost)  
  14  0:17  Pylon  
  14  0:22  Probe (Chrono Boost)  
  16  0:35  Probe (Chrono Boost)  
  16  0:46  Probe (Chrono Boost)  
  17  0:58  Nexus  
  17  1:07  Gateway  
  17  1:10  Probe (Chrono Boost)  
  18  1:15  Assimilator  
  18  1:21  Probe (Chrono Boost)  
  18  1:25  Assimilator  
  19  1:31  Probe (Chrono Boost)  
  20  1:42  Probe (Chrono Boost), Gateway  
  21  1:53  Probe (Chrono Boost)  
  22  1:55  Cybernetics Core  
  22  2:03  Probe (Chrono Boost)  
  23  2:10  Probe (Chrono Boost)  
  23  2:14  Probe (Chrono Boost)  
  25  2:20  Probe (Chrono Boost)  
  26  2:24  Probe (Chrono Boost)  
  27  2:31  Adept x2 (Chrono Boost)  
  27  2:32  Warp Gate (Chrono Boost)  
  27  2:35  Probe  
  27  2:36  Probe, Pylon  
  33  2:47  Probe  
  33  2:49  Probe (Chrono Boost)  
  35  2:53  Adept (Chrono Boost)  
  35  2:55  Stargate  
  37  3:01  Probe (Chrono Boost)  
  37  3:02  Probe (Chrono Boost)  
  40  3:13  Probe x2 (Chrono Boost)  
  40  3:14  Pylon  
  40  3:16  Adept  
  43  3:24  Probe (Chrono Boost)  
  43  3:25  Probe (Chrono Boost)  
  43  3:34  Probe (Chrono Boost)  
  43  3:38  Probe (Chrono Boost)  
  43  3:40  Oracle (Chrono Boost)  
  46  3:43  Assimilator  
  46  3:44  Probe (Chrono Boost)  
  46  3:47  Assimilator, Forge  
  47  3:49  Twilight Council  
  47  3:51  Probe (Chrono Boost)  
  48  3:56  Probe (Chrono Boost)  
  48  3:59  Robotics Facility  
  48  4:02  Probe (Chrono Boost)  
  50  4:07  Probe (Chrono Boost)  
  50  4:08  Pylon  
  51  4:11  Probe (Chrono Boost)  
  51  4:14  Pylon  
  52  4:17  Probe  
  52  4:19  Protoss Ground Weapons Level 1  
  53  4:27  Charge (Chrono Boost)  
  53  4:30  Probe (Chrono Boost)  
  54  4:34  Zealot  
  54  4:35  Zealot  
  60  4:50  Warp Prism (Chrono Boost), Nexus  
  61  4:54  Gateway  
  61  4:57  Templar Archives  
  61  4:58  Probe x2  
  61  5:04  Pylon  
  62  5:08  Phoenix (Chrono Boost)  
  62  5:10  Mothership Core  
  66  5:14  Gateway  
  66  5:17  Gateway  
  66  5:23  Gateway  
  66  5:26  Probe  
  67  5:32  Probe  
  68  5:38  Probe  
  68  5:39  Gateway x2  
  69  5:44  High Templar x2  
  69  5:46  Probe  
  74  5:50  Probe  
  74  5:57  Protoss Ground Weapons Level 2  
  74  6:00  Archon  
  74  6:01  Probe x2  
  74  6:04  Probe  
  77  6:11  Assimilator  
  77  6:12  Probe  
  77  6:13  High Templar x2, Pylon  
  77  6:14  Probe  
  77  6:15  Assimilator  
  77  6:16  Probe  
  77  6:17  Zealot, Archon, Pylon  
  86  6:21  Zealot x2  
  86  6:22  Probe  
  91  6:27  Probe  
  91  6:28  Probe  
  93  6:33  Probe  
  93  6:34  Pylon  
  93  6:39  Zealot x3  
  100  6:42  High Templar x2, Zealot  
  100  6:45  Archon  
  100  6:46  Probe  
  106  6:47  Probe  
  106  7:05  Zealot x4  
  106  7:07  Probe x2  
  115  7:11  Pylon x2  
  114  7:17  Zealot, Psionic Storm  
  114  7:20  Pylon  
  114  7:27  High Templar  
  116  7:30  High Templar  
  116  7:31  High Templar  
  116  7:33  Nexus  
  116  7:35  High Templar  
  116  7:36  Zealot x3, Pylon  
  128  7:44  Immortal  
  128  7:50  Archon  
  128  7:51  Probe  
  132  7:52  Probe  
  132  7:53  Pylon  
  132  7:56  Robotics Facility  
  132  7:57  Photon Cannon  
  120  8:06  Zealot x2  
  120  8:07  High Templar x2  
  124  8:19  Zealot x4  
  120  8:24  Immortal  
  108  8:32  Zealot x2  
  112  8:34  Pylon  
  112  8:35  Probe  
  112  8:36  Probe, Photon Cannon, Gateway  
  112  8:37  Probe, Gateway  
  112  8:39  High Templar  
  112  8:40  High Templar  
  119  8:43  Archon  
  119  8:45  High Templar x2  
  119  8:46  Zealot  
  125  8:51  Archon  
  125  8:59  Zealot x3  
  133  9:05  Immortal (Chrono Boost)  
  133  9:07  Assimilator  
  133  9:08  High Templar  
  135  9:14  Warp Prism (Chrono Boost)  
  135  9:15  Assimilator  
  137  9:21  Probe x2  
  139  9:24  Photon Cannon  
  139  9:27  Photon Cannon  
  139  9:35  High Templar x2, Zealot x5  
  151  9:41  Immortal (Chrono Boost), Archon  
  155  9:46  Photon Cannon  
  155  9:48  Pylon  
  153  9:55  Zealot x6  
  165  10:06  Fleet Beacon  
  165  10:08  Observer (Chrono Boost)  
  166  10:17  Archon  
  150  10:25  Archon  
  144  10:30  Zealot x7  
  144  10:31  Zealot x3  
Show
View Real Time Build Order
Export as new Build Order

JonSnow Zerg 

Build Orders: Hatch First 

Get SALT Encoding   

  12  0:00  Drone  
  13  0:12  Overlord  
  13  0:17  Drone  
  14  0:30  Drone  
  14  0:31  Drone  
  14  0:34  Drone  
  17  0:51  Hatchery  
  17  0:55  Drone  
  17  0:58  Drone  
  18  1:06  Extractor  
  17  1:13  Spawning Pool  
  17  1:17  Drone  
  17  1:21  Drone  
  18  1:27  Overlord  
  18  1:39  Drone  
  19  1:50  Drone  
  20  2:00  Queen  
  20  2:01  Zergling x2  
  23  2:03  Queen  
  23  2:04  Drone  
  23  2:08  Metabolic Boost  
  26  2:11  Drone  
  27  2:15  Drone  
  28  2:23  Drone  
  29  2:35  Hatchery  
  29  2:36  Drone  
  29  2:44  Drone x3  
  29  2:50  Overlord  
  32  2:55  Queen  
  34  3:00  Overlord  
  34  3:04  Zergling x2  
  35  3:07  Zergling x2  
  36  3:14  Zergling x8  
  36  3:18  Drone  
  40  3:20  Drone  
  39  3:38  Drone  
  39  3:39  Drone  
  41  3:41  Drone x4  
  41  3:44  Drone x2  
  41  3:46  Drone  
  41  3:47  Spore Crawler, Drone  
  48  3:48  Spore Crawler  
  48  3:50  Drone  
  48  3:54  Drone x2  
  50  4:06  Spore Crawler  
  50  4:08  Drone x3  
  50  4:09  Drone  
  53  4:14  Overlord  
  53  4:16  Queen  
  55  4:23  Baneling Nest, Drone x2, Extractor  
  55  4:24  Drone  
  56  4:33  Drone x5  
  56  4:34  Drone  
  56  4:38  Zergling x2  
  63  4:43  Zergling x4  
  63  4:44  Drone  
  66  4:49  Drone  
  66  4:51  Overlord x2  
  66  4:57  Drone  
  66  4:58  Drone  
  64  5:01  Drone  
  64  5:02  Lair  
  64  5:05  Evolution Chamber  
  64  5:07  Drone  
  64  5:08  Overlord  
  64  5:10  Drone  
  64  5:13  Drone x2, Hatchery  
  68  5:14  Drone  
  68  5:23  Drone x7  
  68  5:24  Drone  
  68  5:25  Drone  
  77  5:30  Extractor  
  77  5:31  Zerg Melee Weapons Level 1  
  77  5:32  Extractor  
  77  5:34  Extractor x2, Drone  
  74  5:41  Overlord  
  74  5:43  Overlord  
  74  5:46  Drone x3  
  74  5:47  Drone, Hatchery  
  74  5:49  Overlord  
  77  6:00  Spore Crawler  
  75  6:05  Drone x8  
  75  6:07  Overlord  
  75  6:09  Hydralisk Den  
  82  6:18  Overlord, Centrifical Hooks  
  82  6:32  Queen, Zergling x20  
  92  6:33  Queen x2  
  92  6:37  Baneling  
  92  6:38  Hydralisk, Baneling x4  
  92  6:39  Hydralisk  
  95  6:40  Hydralisk  
  95  6:41  Zergling x2  
  95  6:43  Hydralisk  
  95  6:46  Hydralisk  
  100  6:47  Zergling x2  
  100  6:51  Hydralisk  
  100  6:52  Zergling x2  
  100  6:53  Baneling  
  99  6:54  Baneling  
  99  6:58  Zergling x4  
  97  7:01  Hydralisk  
  97  7:03  Zergling x2  
  97  7:05  Hydralisk  
  97  7:07  Zergling x2  
  99  7:12  Hydralisk x2  
  99  7:15  Hydralisk  
  89  7:17  Zergling x2  
  89  7:19  Hydralisk  
  89  7:22  Hydralisk  
  89  7:28  Baneling x5  
  89  7:29  Zergling x4  
  91  7:30  Zergling x2  
  91  7:31  Zergling x2  
  91  7:32  Zergling x2  
  94  7:37  Hydralisk x2  
  97  7:52  Hatchery  
  97  7:55  Baneling x5  
  97  7:56  Zergling x2  
  97  7:57  Zergling x8  
  96  8:06  Hydralisk x3  
  96  8:07  Zergling x2  
  101  8:13  Zergling x10  
  96  8:22  Muscular Augments  
  96  8:23  Zergling x8  
  98  8:40  Drone x3  
  98  8:41  Drone x2  
  103  8:43  Hatchery  
  103  8:45  Baneling x4  
  101  8:49  Drone x3  
  101  8:53  Drone  
  105  8:57  Drone x2  
  105  9:02  Hydralisk  
  108  9:05  Baneling x9  
  108  9:11  Zergling x6  
  108  9:14  Hydralisk  
  108  9:15  Zergling x2  
  114  9:22  Zergling x10  
  117  9:33  Zergling x12  
  117  9:34  Zergling x2  
  117  9:37  Overlord  
  119  9:53  Baneling  
  119  9:54  Baneling x7  
  119  9:58  Drone x7  
  126  10:02  Extractor x2  
  126  10:03  Zergling x2  
  126  10:04  Zergling x8  
  129  10:08  Zergling x4  
  129  10:13  Baneling  
  129  10:14  Baneling x2  
  127  10:20  Zergling x4  
Tags
 
Add a new tag
Caveats
  • Supply blocks, unpowered buildings, or Contaminate may cause inaccurate times.
  • Supply counts are checked every 10 seconds.